 Dungeon Crawl Stone Soup version 0.20.0-6-gd3061e9 (webtiles) character file.

7263 anfisbena the Cleaver (level 11, 0/104 HPs)
             Began as a Hill Orc Fighter on May 28, 2017.
             Was a High Priest of Uskayaw.
             Slain by a cyclops (24 damage)
             ... on level 8 of the Dungeon.
             The game lasted 00:10:13 (8559 turns).

anfisbena the Cleaver (Hill Orc Fighter)            Turns: 8559, Time: 00:10:14

Health: 0/104      AC: 14    Str: 25    XL:     11   Next: 12%
Magic:  11/11      EV: 11    Int:  8    God:    Uskayaw [*****.]
Gold:   487        SH: 18    Dex: 18    Spells: 10/10 levels left

rFire    + . .     SeeInvis .   a - +0 war axe
rCold    . . .     Gourm    .   m - +0 large shield
rNeg     . . .     Faith    .   e - +3 scale mail
rPois    .         Spirit   .   b - +0 helmet
rElec    .         Reflect  .   (no cloak)
rCorr    .         Harm     .   (no gloves)
MR       +....                  n - +0 pair of boots
Stlth    +.........             u - amulet of rage
Regen    0.3/turn               j - ring of protection from fire
MPRegen  0.2/turn               o - ring of protection from magic

@: mighty, agile
A: no striking features
a: Stomp, Line Pass, Grand Finale, Renounce Religion, Evoke Berserk Rage


You were on level 8 of the Dungeon.
You worshipped Uskayaw.
Uskayaw was noncommittal.
You were very hungry.

You visited 2 branches of the dungeon, and saw 9 of its levels.
You also visited: Ossuary.

You collected 487 gold pieces.

Inventory:

Hand Weapons
 a - a +0 war axe (weapon)
Armour
 b - a +0 helmet (worn)
 e - a +3 scale mail (worn)
 m - a +0 large shield (worn)
 n - a +0 pair of boots (worn)
Jewellery
 j - a ring of protection from fire (left hand)
 o - a ring of protection from magic (right hand)
 u - an amulet of rage (around neck)
Wands
 c - a wand of iceblast (4/15)
 I - a wand of clouds (4/9)
 L - a wand of random effects (11/48)
 Q - a wand of iceblast (4/15)
Scrolls
 d - 2 scrolls of amnesia
 h - a scroll of acquirement {unknown}
 i - a scroll of immolation {unknown}
 k - a scroll of fog {unknown}
 l - 5 scrolls of teleportation
 p - 5 scrolls of blinking
 q - 3 scrolls of enchant weapon
 s - 5 scrolls of remove curse
 v - a scroll of random uselessness {unknown}
 x - 2 scrolls of recharging {unknown}
 E - 2 scrolls of enchant armour
 J - a scroll of fear {unknown}
 P - a scroll of magic mapping {unknown}
Potions
 g - 2 potions of curing
 t - 2 potions of mutation {unknown}
 z - 4 potions of haste
 A - a potion of berserk rage {unknown}
 C - 2 potions of lignification {unknown}
 D - a potion of might
 F - a potion of invisibility {unknown}
 G - 2 potions of flight {unknown}
 H - a potion of resistance {unknown}
Books
 y - a book of Air

   Spells                             Type                      Level
   a - Shock                          Conjuration/Air              1
   b - Swiftness                      Charms/Air                   2
   c - Static Discharge               Conjuration/Air              3
   d - Airstrike                      Air                          4
   e - Lightning Bolt                 Conjuration/Air              5
 K - a book of Callings

   Spells                             Type                      Level
   a - Summon Small Mammal            Summoning                    1
   b - Call Imp                       Summoning                    2
   c - Call Canine Familiar           Summoning                    3
   d - Summon Guardian Golem          Hexes/Summoning              3
   e - Summon Lightning Spire         Summoning/Air                4
   f - Summon Ice Beast               Ice/Summoning                4
Comestibles
 f - 7 bread rations
 r - 6 fruits
 w - 10 royal jellies
 N - a meat ration


   Skills:
 - Level 11.6 Fighting
 - Level 12.0 Axes
 + Level 8.7 Armour
 + Level 8.9 Shields


You had 10 spell levels left.
You didn't know any spells.

Dungeon Overview and Level Annotations

Branches:
Dungeon (8/15)             Temple (1/1) D:4
   Lair: D:8-11

Altars:
Ashenzari
Cheibriados
Dithmenos
Elyvilon
Fedhas
Gozag
Hepliaklqana
Kikubaaqudgha
Makhleb
Nemelex Xobeh
Okawaru
Qazlal
Ru
Sif Muna
Trog
Uskayaw
Vehumet
Xom
Yredelemnul
Zin


Message History

You slash the centaur!
The centaur is almost dead.
You block the centaur's attack. x2
Uskayaw will force your foes to share their pain.
You slash the centaur!
You kill the centaur!
You slice the cyclops!!
The cyclops is moderately wounded.
The cyclops hits you but does no damage.
You hit the cyclops.
The cyclops is heavily wounded.
The cyclops hits you!
* * * LOW HITPOINT WARNING * * *
You slash the cyclops!
The cyclops is heavily wounded.
You can now merge with and destroy a victim.
You hit the cyclops.
The cyclops is severely wounded.
The cyclops hits you!!
You die...

#.#...###))..##.....##...##.....#
......###...##.#####.##.##..⌠.⌠..
###....##..##.##...##.###........
###....##..#.##.###.##.#.........
...........#.#.##.##.#.#...._._..
###.##.##..'##.#c..#.#.'.....#...
#.##..#..##.##.C##.#.#...._._..
#.#......#)##C###.##.#.........
#.##.....##)##@}.##.###........
#.##.#....##(#####.## ##..⌠.⌠..
#.##.#.....##(....## #.....#
#.##.#......###+### ###'###
#....#..##.....## ##.....#
#......##.#####.## ##...#...
+##.....##.#.....#.###..##.##.
....[...#.#..###..#.#..##...##
........#.#.#...#.#.#...#...#.


You could see a cyclops.

Vanquished Creatures
  3 two-headed ogres
  2 centaur warriors (D:8)
  A kobold demonologist (D:8)
  A human (D:7)
  A yak (D:7)
  3 hogs (D:7)
  2 sky beasts
  3 ice beasts
  3 ogres
  An orc warrior (D:8)
  An eye of draining (D:8)
  A phantom (D:7)
  3 centaurs
  4 bullfrogs
  A wyvern zombie (D:7)
  3 elf skeletons (D:5)
  5 scorpions
  A killer bee (D:2)
  2 howler monkeys
  A centaur zombie (D:7)
  A bullfrog zombie (D:6)
  A jelly (D:6)
  11 orc wizards
  A human zombie (D:5)
  2 orc priests
  A centaur skeleton (D:8)
  A bullfrog skeleton (D:5)
  An iguana (D:8)
  A human skeleton (D:5)
  3 worker ants
  2 hound skeletons
  A worker ant zombie (D:7)
  3 mummies (Ossuary)
  4 gnolls (D:5)
  15 adders
  4 shadow imps
  2 adder zombies
  An adder skeleton (D:4)
  3 worms (D:2)
  2 dart slugs
  6 leopard geckos
  34 orcs
  3 ball pythons
  5 giant cockroaches
  9 goblins
  4 hobgoblins
  15 jackals
  4 kobolds
  5 quokkas
  6 bats
  4 frilled lizards
  3 goblin zombies (Ossuary)
  A hobgoblin zombie (Ossuary)
  2 jackal skeletons
  2 kobold zombies (Ossuary)
  A leopard gecko skeleton (D:7)
  A leopard gecko zombie (D:7)
  An orc skeleton (D:5)
  A quokka skeleton (D:2)
  6 quokka zombies (Ossuary)
  4 rats
  5 rat zombies (Ossuary)
  A spectral orc (D:2)
225 creatures vanquished.

Vanquished Creatures (others)
  An orc wizard (D:6)
1 creature vanquished.

Grand Total: 226 creatures vanquished

Notes
Turn   | Place    | Note
-------+----------+-------------------------------------------
     0 | D:1      | anfisbena the Hill Orc Fighter began the quest for the Orb.
     0 | D:1      | Reached XP level 1. HP: 19/19 MP: 1/1
    13 | D:1      | Reached skill level 3 in Axes
   164 | D:1      | Reached XP level 2. HP: 27/27 MP: 2/2
   766 | D:2      | Reached XP level 3. HP: 33/34 MP: 3/3
   776 | D:2      | Reached skill level 4 in Axes
   956 | D:2      | Noticed a bullfrog
   958 | D:2      | Noticed a killer bee
  1009 | D:2      | Reached XP level 4. HP: 40/41 MP: 4/4
  1139 | D:2      | Found a basalt altar of Yredelemnul.
  1255 | D:2      | Found a transporter.
  1261 | D:2      | Found a transporter.
  1267 | D:2      | Found a glowing silver altar of Zin.
  1293 | D:2      | Killed a bullfrog
  1293 | D:2      | Reached skill level 5 in Fighting
  1293 | D:2      | Reached skill level 5 in Axes
  1293 | D:2      | Reached XP level 5. HP: 41/48 MP: 5/5
  1514 | D:3      | Found a hazy altar of Hepliaklqana.
  1693 | D:3      | Reached XP level 6. HP: 19/57 MP: 6/6
  2109 | D:3      | Reached skill level 6 in Axes
  2443 | D:4      | Found a stormy altar of Qazlal.
  2531 | D:4      | Found a sacrificial altar of Ru.
  2729 | D:4      | Found a staircase to the Ecumenical Temple.
  2749 | D:4      | Reached skill level 7 in Axes
  2749 | D:4      | Reached XP level 7. HP: 66/66 MP: 7/7
  2756 | Temple   | Entered the Ecumenical Temple
  3355 | D:5      | Entered Level 5 of the Dungeon
  3563 | D:5      | Found a sand-covered staircase.
  3585 | D:5      | Reached skill level 8 in Axes
  3589 | Ossuary  | Entered an ossuary
  3980 | D:5      | Reached XP level 8. HP: 64/75 MP: 8/8
  4160 | D:5      | Found a snail-covered altar of Cheibriados.
  4632 | D:5      | Reached skill level 9 in Axes
  5283 | D:6      | Reached skill level 10 in Fighting
  5283 | D:6      | Reached skill level 10 in Axes
  5529 | D:6      | Found a sparkling altar of Nemelex Xobeh.
  5646 | D:7      | Reached XP level 9. HP: 73/85 MP: 9/9
  5774 | D:7      | Noticed a two-headed ogre
  5787 | D:7      | Killed a two-headed ogre
  5787 | D:7      | Reached skill level 11 in Axes
  6506 | D:7      | Reached skill level 12 in Axes
  6676 | D:7      | Reached XP level 10. HP: 88/97 MP: 10/10
  6704 | D:7      | Reached skill level 5 in Armour
  6704 | D:7      | Reached skill level 5 in Shields
  7013 | D:7      | Found a white marble altar of Elyvilon.
  7179 | D:8      | Noticed a two-headed ogre
  7191 | D:8      | Killed a two-headed ogre
  7670 | D:8      | Found a shattered altar of Ashenzari.
  8106 | D:8      | Found a glowing silver altar of Zin.
  8107 | D:8      | Found a bloodstained altar of Trog.
  8107 | D:8      | Found an ancient bone altar of Kikubaaqudgha.
  8107 | D:8      | Found a deep blue altar of Sif Muna.
  8153 | D:8      | Found a radiant altar of Vehumet.
  8203 | D:8      | Found a hide-covered altar of Uskayaw.
  8211 | D:8      | Became a worshipper of Uskayaw the Reveler
  8214 | D:8      | Reached * piety under Uskayaw
  8238 | D:8      | Found an opulent altar of Gozag.
  8297 | D:8      | Noticed a centaur warrior
  8300 | D:8      | Noticed a kobold demonologist
  8302 | D:8      | Reached ** piety under Uskayaw
  8305 | D:8      | Reached *** piety under Uskayaw
  8309 | D:8      | Killed a centaur warrior
  8317 | D:8      | Reached **** piety under Uskayaw
  8318 | D:8      | Noticed a centaur warrior
  8328 | D:8      | Killed a kobold demonologist
  8332 | D:8      | Reached ***** piety under Uskayaw
  8336 | D:8      | Killed a centaur warrior
  8336 | D:8      | Reached XP level 11. HP: 56/104 MP: 11/11
  8351 | D:8      | Reached ****** piety under Uskayaw
  8540 | D:8      | Noticed a cyclops
  8540 | D:8      | Noticed a two-headed ogre
  8551 | D:8      | Killed a two-headed ogre
  8559 | D:8      | Slain by a cyclops

Skill      XL: |  1  2  3  4  5  6  7  8  9 10 |
---------------+-------------------------------+-----
Axes           | 3 4 5 7 8 10 12 | 12.0
Fighting       | 4 5 6 7 8 10 11 | 11.6
Armour         | 4 8 |  8.7
Shields        | 4 8 |  8.9

Action                   |  1- 3 |  4- 6 |  7- 9 | 10-12 || total
-------------------------+-------+-------+-------+-------++-------
Melee: War axe           |    89 |   143 |   442 |   192 ||   866
  Use: Potion            |       |     6 |     1 |     2 ||     9
       Scroll            |       |       |     5 |     3 ||     8
 Stab: Paralysed         |       |       |       |     3 ||     3
  Eat: Chunk             |       |     6 |    11 |     5 ||    22
       Fruit             |       |       |     3 |       ||     3
Armor: Scale mail        |    52 |    72 |   208 |    44 ||   376
Dodge: Dodged            |    34 |    33 |    51 |    16 ||   134
Block: Shield            |    60 |    11 |       |       ||    71
       Large shield      |       |   127 |   290 |   111 ||   528
